[Event "Early-Titled-Tuesday-Blitz-April-02-2024"]
[Site "Chess.com"]
[Date "2024.04.02"]
[Round "4"]
[White "Art10ECHR"]
[Black "Malikova777"]
[Result "1-0"]
[WhiteElo "2528"]
[BlackElo "2322"]
[TimeControl "180+1"]
[EndTime "8:36:42 PDT"]
[Termination "Art10ECHR won by resignation"]

1. d4 Nf6 2. c4 g6 3. Nc3 d5 4. cxd5 Nxd5 5. e4 Nxc3 6. bxc3 Bg7 7. h3 c5 8. Nf3 O-O 9. Be2 Nc6 10. Be3 Qa5 11.
Bd2 cxd4 12. cxd4 Qa3 13. d5 Ne5 14. O-O Nxf3+ 15. Bxf3 Bxa1 16. Qxa1 f6 17. Rb1 Qd6 18. Bb4 Qd8 19. e5 a5 20. Ba3 Bf5 21. Rd1 Ra6 22. d6 exd6 23. exd6 b5 24. Bc5 Qd7 25. Qd4 Be6 26.
Re1 Kg7 27. Bd5 Bxd5 28. Re7+ Rf7 29. Rxd7 Rxd7 30. Qxd5 1-0

[Event "Early-Titled-Tuesday-Blitz-April-02-2024"]
[Site "Chess.com"]
[Date "2024.04.02"]
[Round "4"]
[White "Kildepiotr"]
[Black "ninguno46"]
[Result "1-0"]
[WhiteElo "2762"]
[BlackElo "2576"]
[TimeControl "180+1"]
[EndTime "8:36:54 PDT"]
[Termination "Kildepiotr won on time"]

1. Nf3 c5 2. e4 Nc6 3. Bb5 d6 4. O-O Bd7 5. c3 Nf6 6. Qe2 a6 7. Ba4 e5 8. Rd1 b5 9. Bc2 Bg4 10. h3 Bxf3 11. Qxf3 Be7 12. d3 O-O 13. Nd2 g6 14. Nf1 Nh5 15. Bh6 Ng7 16. Bb3 Bg5 17.
Bxg5 Qxg5 18. a4 Qe7 19. Ne3 Rab8 20. axb5 axb5 21. Nd5 Qb7 22. Nf6+ Kh8 23. Bd5 Ne6 24. g3 Nc7 25. Nd7 Nxd5 26. Nxb8 1-0

[Event "Early-Titled-Tuesday-Blitz-April-02-2024"]
[Site "Chess.com"]
[Date "2024.04.02"]
[Round "4"]
[White "emeli_chess"]
[Black "Firegrizzly"]
[Result "0-1"]
[WhiteElo "2406"]
[BlackElo "2655"]
[TimeControl "180+1"]
[EndTime "8:36:59 PDT"]
[Termination "Firegrizzly won on time"]

1. d4 Nf6 2. c4 Nc6 3. Nf3 e6 4. Nc3 Bb4 5. Bd2 d5 6. cxd5 exd5 7. a3 Bxc3 8. Bxc3 a5 9. e3 O-O 10.
Bd3 Bg4 11. Qc2 Re8 12. h3 Bh5 13. g4 Bg6 14. Bxg6 hxg6 15. Ne5 Nxe5 16. dxe5 Ne4 17.
f3 Qh4+ 18. Kd1 Nf2+ 19. Ke2 Nxh1 20. Rxh1 c5 21. Be1 Qe7 22. f4 g5 23. h4 gxf4 24. exf4 d4 25. Qe4 Rad8 26. h5 d3+ 27. Kd2 Rd4 28.
Qf5 Qe6 29. Qxe6 fxe6 30. Rf1 Rf8 31. Bg3 c4 32. Rf3 b5 33. g5 Re4 34. Rf2 b4 35.
axb4 axb4 36. g6 Rd8 37. f5 exf5 38. Rxf5 Re2+ 39. Kd1 c3 40. bxc3 bxc3 41. e6 c2+ 0-1

[Event "Early-Titled-Tuesday-Blitz-April-02-2024"]
[Site "Chess.com"]
[Date "2024.04.02"]
[Round "4"]
[White "AniJak"]
[Black "JaackCamel"]
[Result "1-0"]
[WhiteElo "2380"]
[BlackElo "2175"]
[TimeControl "180+1"]
[EndTime "8:37:01 PDT"]
[Termination "AniJak won by checkmate"]

1. e4 e6 2. d4 d5 3. Nc3 Bb4 4.
Ne2 dxe4 5. a3 Be7 6. Nxe4 Nf6 7. N2g3 Nbd7 8. Bd3 O-O 9. O-O c5 10. Nxc5 Nxc5 11. dxc5 Bxc5 12. Bg5 Be7 13. Qf3 h6 14. Bxf6 Bxf6 15. Rad1 Qa5 16. c3 e5 17. Nh5 Bg5 18. Qg3 Qa4 19. b4 f5 20. Qxe5 Qc6 21. Qxg7# 1-0

[Event "Early-Titled-Tuesday-Blitz-April-02-2024"]
[Site "Chess.com"]
[Date "2024.04.02"]
[Round "4"]
[White "TitarovVasiliYouTube"]
[Black "Heliosis11"]
[Result "1-0"]
[WhiteElo "2640"]
[BlackElo "2383"]
[TimeControl "180+1"]
[EndTime "8:37:02 PDT"]
[Termination "TitarovVasiliYouTube won by resignation"]

1. g3 c5 2. Bg2 Nf6 3. Nf3 g6 4. O-O Bg7 5. b3 O-O 6. Bb2 d5 7. a4 Nc6 8. Na3 a6 9. e3 Qc7 10. Qe2 e5 11. d3 Re8 12. e4 d4 13. Nc4 Be6 14. Ng5 Bd7 15. a5 Rad8 16. Bc1 h6 17. Nf3 Be6 18. Bd2 Nd7 19. Nh4 Kh7 20.
f4 exf4 21. gxf4 f5 22. e5 Nf8 23. Qf2 Bxc4 24. bxc4 Ne6 25. Bd5 Qf7 26. Rab1 Rd7 27.
Rb6 Ncd8 28. Kh1 Rxd5 29. cxd5 Nf8 30. e6 Qf6 31. Rg1 Re7 32. Bc1 h5 33. Ba3 Rc7 34. d6 Rc6 35. e7 1-0

[Event "Early-Titled-Tuesday-Blitz-April-02-2024"]
[Site "Chess.com"]
[Date "2024.04.02"]
[Round "4"]
[White "Zhigalko_Sergei"]
[Black "DenLaz"]
[Result "1/2-1/2"]
[WhiteElo "2884"]
[BlackElo "3110"]
[TimeControl "180+1"]
[EndTime "8:37:03 PDT"]
[Termination "Game drawn by agreement"]

1. e4 e5 2. Nf3 Nc6 3. Bc4 Bc5 4. d3 Nf6 5. O-O d6 6. Nbd2 O-O 7. c3 a6 8. Bb3 h6 9. h3 Be6 10. Re1 Bxb3 11.
axb3 a5 12. Nc4 Re8 13. Be3 Bxe3 14. Nxe3 d5 15. exd5 Nxd5 16. Nc4 Qf6 17. Qe2 Qf5 18. Ne3 Nxe3 19. Qxe3 Qe6 20. b4 axb4 21. Rxa8 Rxa8 22. Nxe5 Nxe5 23. Qxe5 Qxe5 24. Rxe5 bxc3 25. bxc3 Ra1+ 26. Kh2 Ra3 27. Re8+ Kh7 28. c4 Rxd3 29. Re7 c6 30. Rxb7 Rd4 31. Rxf7 Rxc4 32. Rc7 1/2-1/2

[Event "Early-Titled-Tuesday-Blitz-April-02-2024"]
[Site "Chess.com"]
[Date "2024.04.02"]
[Round "4"]
[White "SharapovEvgeny"]
[Black "FREDERICKtheMATE"]
[Result "1/2-1/2"]
[WhiteElo "2557"]
[BlackElo "2680"]
[TimeControl "180+1"]
[EndTime "8:37:03 PDT"]
[Termination "Game drawn - insufficient material"]

1. b3 c6 2. Bb2 d5 3. f4 Nf6 4. Nf3 Bf5 5. e3 e6 6. Be2 Nbd7 7. O-O h6 8. d3 Be7 9. Ne5 Nxe5 10. fxe5 Nd7 11.
Nd2 O-O 12. Kh1 Bh7 13. Nf3 c5 14. Qe1 f5 15. exf6 Bxf6 16. Bxf6 Rxf6 17. Qg3 Qb8 18. Qxb8+ Rxb8 19. Nd2 Rbf8 20. Rxf6 Rxf6 21. Rf1 Kf7 22.
Rxf6+ Nxf6 23. Kg1 Ke7 24. Kf2 Kd6 25. c3 g5 26. d4 e5 27. dxe5+ Kxe5 28. g3 a5 29. Nf3+ Kd6 30. Nd2 b6 31. Bf3 Ke5 32. Be2 Ne4+ 33. Nxe4 Bxe4 34. a3 d4 35. cxd4+ cxd4 36. b4 axb4 37.
axb4 Bc2 38. Bf3 Bd3 39. h4 gxh4 40. gxh4 Bc4 41. exd4+ Kxd4 42. Kg3 Kc3 43. Kg4 Kxb4 44.
Kh5 Kc5 45. Kxh6 b5 46. Bd1 b4 47. Kg7 Kd4 48. h5 Bd3 49. h6 Kc3 50. h7 Bxh7 51. Kxh7 b3 52. Bxb3 1/2-1/2

[Event "Early-Titled-Tuesday-Blitz-April-02-2024"]
[Site "Chess.com"]
[Date "2024.04.02"]
[Round "4"]
[White "HajiyevKanan"]
[Black "sorch29"]
[Result "1-0"]
[WhiteElo "2598"]
[BlackElo "2428"]
[TimeControl "180+1"]
[EndTime "8:37:05 PDT"]
[Termination "HajiyevKanan won by resignation"]

1. d4 d5 2. c4 e6 3. cxd5 exd5 4. Nc3 c6 5. Qc2 Nf6 6. Nf3 g6 7. Bg5 Be7 8. e3 Bf5 9. Bd3 Bxd3 10. Qxd3 O-O 11. O-O Nbd7 12. Rab1 a5 13. Qc2 Re8 14. Rfc1 Kg7 15. h3 Bd6 16. Na4 h6 17. Bxf6+ Qxf6 18. Nc5 Bxc5 19. dxc5 Re4 20. Qc3 Rb4 21. a3 Re4 22. b4 axb4 23. axb4 Qxc3 24. Rxc3 Ra4 25. Rcb3 Rc4 26. R3b2 Nb8 27. Ne5 Rc3 28. Kf1 Na6 29. Ke2 f6 30. Nd7 Rc4 31. Nb6 Raxb4 32. Nxc4 Rxc4 33. Rxb7+ Kf8 1-0

[Event "Early-Titled-Tuesday-Blitz-April-02-2024"]
[Site "Chess.com"]
[Date "2024.04.02"]
[Round "4"]
[White "Andrey_Klymchuk"]
[Black "Alexander_Donchenko"]
[Result "0-1"]
[WhiteElo "2722"]
[BlackElo "2896"]
[TimeControl "180+1"]
[EndTime "8:37:07 PDT"]
[Termination "Alexander_Donchenko won by resignation"]

1. e4 c6 2. d4 d5 3. e5 c5 4. dxc5 e6 5. Qg4 h5 6. Qf4 Bxc5 7. Nf3 Nc6 8. Bd3 Nh6 9. O-O Bd7 10. a3 Be7 11. b4 a6 12. Re1 Rc8 13. h4 Ng4 14. g3 O-O 15. Bb2 f6 16. exf6 Bxf6 17. Bxf6 Rxf6 18. Qg5 Rxf3 19. Qxh5 e5 20. Nd2 Rxf2 21.
Qh7+ Kf8 22. Rf1 Qf6 23. Kh1 e4 24. Be2 Bf5 25. Qh5 Rh2+ 26. Kg1 Qd4+ 0-1

[Event "Early-Titled-Tuesday-Blitz-April-02-2024"]
[Site "Chess.com"]
[Date "2024.04.02"]
[Round "4"]
[White "BVB009"]
[Black "GodzillaChessYoutube"]
[Result "0-1"]
[WhiteElo "2840"]
[BlackElo "2705"]
[TimeControl "180+1"]
[EndTime "8:37:08 PDT"]
[Termination "GodzillaChessYoutube won by resignation"]

1. e4 e5 2. Nf3 Nc6 3. Bb5 a6 4. Ba4 d6 5. O-O Bd7 6. c3 Nge7 7. d4 h6 8. Re1 Ng6 9. Nbd2 Be7 10. Nf1 Bg5 11.
Ng3 Qe7 12. Nf5 Qf6 13. dxe5 dxe5 14. g3 O-O-O 15. Nxg5 hxg5 16. Qg4 Nf4 17. gxf4 exf4 18. Bxc6 bxc6 19. h4 Rxh4 20. Qe2 Bxf5 21. exf5 Rdh8 22. Qe4 g6 23. fxg6 f3 24. Qe8+ Kb7 0-1

[Event "Early-Titled-Tuesday-Blitz-April-02-2024"]
[Site "Chess.com"]
[Date "2024.04.02"]
[Round "4"]
[White "Skatchkov_V"]
[Black "flawian2008"]
[Result "0-1"]
[WhiteElo "2654"]
[BlackElo "2488"]
[TimeControl "180+1"]
[EndTime "8:37:09 PDT"]
[Termination "flawian2008 won by resignation"]

1. d4 Nf6 2. c4 c5 3. d5 b5 4. Nf3 bxc4 5. Nc3 d6 6. e4 g6 7.
Bxc4 Bg7 8. O-O O-O 9. e5 Ne8 10.
Bf4 Nd7 11. Re1 Rb8 12. Qd2 Rb4 13. b3 dxe5 14. Nxe5 Nxe5 15. Bxe5 Bxe5 16. Rxe5 Nd6 17. Rae1 Rxc4 18. bxc4 Nxc4 19. Qf4 Nxe5 20. Qxe5 Qa5 21.
Re3 Bd7 22. h4 Re8 23. Ne4 f6 24. Qg3 Qxa2 25. h5 Kf7 26. hxg6+ hxg6 27. Qh4 Kg7 28. d6 Rh8 29. Qxh8+ Kxh8 30. dxe7 Qa1+ 31. Kh2 Qe5+ 32. Ng3 Qb8 0-1

[Event "Early-Titled-Tuesday-Blitz-April-02-2024"]
[Site "Chess.com"]
[Date "2024.04.02"]
[Round "4"]
[White "AsaHoffmann"]
[Black "HATilay"]
[Result "0-1"]
[WhiteElo "2396"]
[BlackElo "2609"]
[TimeControl "180+1"]
[EndTime "8:37:10 PDT"]
[Termination "HATilay won by resignation"]

1. d4 Nf6 2. Bg5 d5 3. Nd2 c5 4. e3 Nc6 5. c3 Bf5 6. f4 e6 7.
Ngf3 Be7 8. Be2 O-O 9. O-O Qb6 10. b3 Ng4 11. Bxe7 Nxe3 12. Bxf8 Nxd1 13. Bxc5 Qa5 14. b4 Qc7 15. Raxd1 b6 16. b5 bxc5 17. bxc6 Qxc6 18. Ne5 Qa4 19. dxc5 Rc8 20. c6 f6 21. Nef3 Bc2 22.
Rc1 Rxc6 23. Nd4 Rxc3 24. Nxe6 Re3 25. Bg4 f5 26. Bxf5 Bxf5 27. Nc5 Qd4 28. Ndb3 Rxb3+ 29.
Kh1 Rc3 0-1

[Event "Early-Titled-Tuesday-Blitz-April-02-2024"]
[Site "Chess.com"]
[Date "2024.04.02"]
[Round "4"]
[White "mishanick"]
[Black "Mikhail_Golubev"]
[Result "1-0"]
[WhiteElo "3040"]
[BlackElo "2620"]
[TimeControl "180+1"]
[EndTime "8:37:12 PDT"]
[Termination "mishanick won on time"]

1. d4 Nf6 2. c4 g6 3. Nc3 Bg7 4. e4 d6 5. Be2 O-O 6. Be3 c5 7. d5 e6 8. Nf3 exd5 9. cxd5 b5 10. e5 dxe5 11. Bxc5 Re8 12. Bxb5 Bd7 13. Be2 Bg4 14. O-O Nbd7 15. Be3 Rb8 16. b3 Bxf3 17.
Bxf3 e4 18. Be2 Nb6 19. d6 Re6 20. Bf4 Nh5 21. Bxh5 gxh5 22. Rc1 Be5 23. Bxe5 Rxe5 24. Qd4 Qg5 25. Nxe4 Qg7 26. Rc5 Rxc5 27. Qxc5 Rc8 28. Qxc8+ Nxc8 29. d7 Qf8 30. Nf6+ Kh8 31. Ne8 Qxe8 32.
dxe8=Q+ 1-0

[Event "Early-Titled-Tuesday-Blitz-April-02-2024"]
[Site "Chess.com"]
[Date "2024.04.02"]
[Round "4"]
[White "only_strong_moves"]
[Black "m_ezat"]
[Result "1-0"]
[WhiteElo "2720"]
[BlackElo "2555"]
[TimeControl "180+1"]
[EndTime "8:37:12 PDT"]
[Termination "only_strong_moves won by resignation"]

1. Nc3 d5 2. e4 c6 3. d4 dxe4 4. Nxe4 Bf5 5. Ng3 Bg6 6. h4 h6 7. Nf3 Nd7 8. h5 Bh7 9. Bd3 Bxd3 10. Qxd3 e6 11. Bd2 Ngf6 12. O-O-O Be7 13. Kb1 c5 14. Ne4 Nxe4 15. Qxe4 Nf6 16. Qe2 cxd4 17. Bc3 O-O 18. Bxd4 Qc7 19. g4 Nd5 20. g5 Bxg5 21.
Nxg5 hxg5 22. h6 f6 23. hxg7 Qxg7 24. Qxe6+ Qf7 25. Qh3 Qg7 26. Rdg1 Nf4 27. Qb3+ Rf7 28. Be3 Ng6 29. Rd1 Ne5 30. f4 Ng4 31. Bd4 gxf4 32. Rdg1 Re8 33. Qf3 Rfe7 34. a3 1-0

[Event "Early-Titled-Tuesday-Blitz-April-02-2024"]
[Site "Chess.com"]
[Date "2024.04.02"]
[Round "4"]
[White "dealshark"]
[Black "zurzan"]
[Result "1-0"]
[WhiteElo "2314"]
[BlackElo "2065"]
[TimeControl "180+1"]
[EndTime "8:37:12 PDT"]
[Termination "dealshark won by checkmate"]

1. Nf3 g6 2. e4 c5 3. c3 d5 4. exd5 Qxd5 5. d4 Bg7 6. Bb5+ Nc6 7. O-O Nf6 8. dxc5 Qxc5 9. Ba4 Bg4 10. Nbd2 Rd8 11.
Qe2 O-O 12. h3 Bf5 13. Bb3 Bd3 14. Qe1 Bxf1 15. Qxf1 e5 16. Nc4 e4 17. Be3 Qh5 18.
Nfd2 b5 19. Na3 a6 20. Nc2 Ne5 21. Nd4 Bh6 22. Bxh6 Qxh6 23. Qe2 Qf4 24. Re1 Nd3 25. Rf1 Nxb2 26. Nxe4 Qxe4 27. Qxb2 Nd5 28. Nc6 Rc8 29. Bxd5 Qd3 30. Ne7+ Kh8 31. c4+ f6 32. Nxc8 Rxc8 33.
Qxf6# 1-0

[Event "Early-Titled-Tuesday-Blitz-April-02-2024"]
[Site "Chess.com"]
[Date "2024.04.02"]
[Round "4"]
[White "lularobs"]
[Black "Cheer_Down"]
[Result "0-1"]
[WhiteElo "1567"]
[BlackElo "2434"]
[TimeControl "180+1"]
[EndTime "8:37:14 PDT"]
[Termination "Cheer_Down won on time"]

1. d4 Nf6 2. Bf4 d5 3. e3 e6 4. Nf3 c5 5. c4 Nc6 6. dxc5 Bxc5 7.
Nc3 O-O 8. Be2 d4 9. exd4 Nxd4 10. Nxd4 Qxd4 11. Qxd4 Bxd4 12. Rc1 e5 13. Bg5 Be6 14.
O-O Bxc3 15. Rxc3 Ne4 16. Rg3 Nxg3 17. hxg3 Rac8 18. b3 b5 19. cxb5 Rc2 20. Bf3 Rxa2 21. Rb1 Rc8 22. Bc6 a6 23. b4 axb5 24. Bxb5 Rcc2 25.
Be3 Rcb2 26. Rxb2 Rxb2 27. Bc5 f6 28. Bc6 Bc4 29. Kh2 Kf7 30. b5 Bxb5 0-1

[Event "Early-Titled-Tuesday-Blitz-April-02-2024"]
[Site "Chess.com"]
[Date "2024.04.02"]
[Round "4"]
[White "azikom"]
[Black "MikeSailer"]
[Result "1-0"]
[WhiteElo "2630"]
[BlackElo "2139"]
[TimeControl "180+1"]
[EndTime "8:37:16 PDT"]
[Termination "azikom won by checkmate"]

1. c4 g6 2. Nc3 Bg7 3. g3 d6 4. Bg2 c6 5. h4 h6 6. d3 Nf6 7. e4 e5 8. Nge2 Be6 9. f4 Bg4 10. O-O c5 11. Be3 Nc6 12. Qd2 Bxe2 13. Qxe2 Nd4 14.
Qd1 h5 15. Bh3 Bh6 16. Kh1 O-O 17. fxe5 Bxe3 18. exf6 Ne6 19. Nd5 Bd4 20. Qd2 Kh7 21. Rab1 Nc7 22. b4 Nxd5 23. cxd5 b6 24. bxc5 bxc5 25.
Qg5 Rb8 26. Rxb8 Qxb8 27. Bf5 Qb2 28. Qxh5+ Kg8 29. Bxg6 fxg6 30. Qxg6+ Kh8 31. Qg7# 1-0

[Event "Early-Titled-Tuesday-Blitz-April-02-2024"]
[Site "Chess.com"]
[Date "2024.04.02"]
[Round "4"]
[White "vladislavkovalev"]
[Black "WiktoriaPOL"]
[Result "1-0"]
[WhiteElo "2889"]
[BlackElo "2346"]
[TimeControl "180+1"]
[EndTime "8:37:17 PDT"]
[Termination "vladislavkovalev won by resignation"]

1. e4 c5 2. Nf3 d6 3. Bb5+ Nd7 4. O-O Nf6 5. Re1 a6 6. Bf1 g6 7. c3 Bg7 8. d4 O-O 9. e5 Ne8 10. Bg5 dxe5 11. dxe5 h6 12. Bh4 Nc7 13. Nbd2 Ne6 14. Qc2 Re8 15. Rad1 Qc7 16. Bg3 b5 17. h4 h5 18. Ne4 Bb7 19. Neg5 Ndf8 20. Bd3 c4 21. Be4 Bxe4 22. Qxe4 Rad8 23. Nd4 Nc5 24. e6 Nxe4 25.
exf7+ Kh8 26. Bxc7 Nxg5 27. hxg5 Rc8 28. fxe8=Q 1-0

[Event "Early-Titled-Tuesday-Blitz-April-02-2024"]
[Site "Chess.com"]
[Date "2024.04.02"]
[Round "4"]
[White "Mikasinski"]
[Black "JosefineHeinemann"]
[Result "1/2-1/2"]
[WhiteElo "2638"]
[BlackElo "2505"]
[TimeControl "180+1"]
[EndTime "8:37:20 PDT"]
[Termination "Game drawn by repetition"]

1. e4 c5 2. Nf3 d6 3. d4 cxd4 4. Nxd4 Nf6 5. Nc3 a6 6. Rg1 e5 7.
Nb3 Be6 8. g4 d5 9. exd5 Nxd5 10. Nxd5 Qxd5 11. Be3 Nc6 12. Bg2 Qxd1+ 13. Rxd1 Rc8 14. c3 Be7 15. Be4 O-O 16. g5 Rfd8 17. Rxd8+ Rxd8 18. h4 g6 19. Ke2 Bd5 20. Bxd5 Rxd5 21.
Rd1 Rxd1 22. Kxd1 f5 23. Bc5 Kf7 24. Bxe7 Kxe7 25. Nc5 Nd8 26. Ke2 Kd6 27. b4 a5 28.
a3 axb4 29. cxb4 b6 30. Na4 Kc6 31. Nc3 Ne6 32. a4 Nd4+ 33. Kd3 Nf3 34. Kc4 Nd2+ 35.
Kd3 Nf3 36. Kc4 Nd2+ 37. Kd3 Nf3 1/2-1/2

[Event "Early-Titled-Tuesday-Blitz-April-02-2024"]
[Site "Chess.com"]
[Date "2024.04.02"]
[Round "4"]
[White "Flaccidmoves"]
[Black "Msb2"]
[Result "0-1"]
[WhiteElo "2431"]
[BlackElo "3013"]
[TimeControl "180+1"]
[EndTime "8:37:20 PDT"]
[Termination "Msb2 won by resignation"]

1. e4 e6 2. d4 d5 3. Nc3 Nf6 4. e5 Nfd7 5. f4 c5 6. Nf3 Nc6 7. Be3 a6 8. a3 cxd4 9. Nxd4 Bc5 10. Qd2 g5 11. f5 Bxd4 12. Bxd4 Nxd4 13. Qxd4 Qb6 14.
Qxb6 Nxb6 15. O-O-O Nd7 16. Re1 b5 17. h4 g4 18. h5 Bb7 19. Rh4 exf5 20. e6 fxe6 21. Rxe6+ Kf7 22. Rd6 Ke7 23. Rh6 Nf6 24. Bd3 Bc8 25.
Rh1 Kf7 26. Re1 Rd8 27. Re5 Kg7 28. Rxf6 Kxf6 29. Rxd5 Rxd5 30. Nxd5+ Ke5 31. Ne7 Be6 32. Nc6+ Kf4 33. Nd4 Bd7 34. Ne2+ Ke3 35. g3 h6 36. Kd1 Bc6 37. Bxf5 Bf3 38. Bd3 Rd8 39. Ke1 Rxd3 40. cxd3 Bxe2 41. d4 Bc4 0-1

[Event "Early-Titled-Tuesday-Blitz-April-02-2024"]
[Site "Chess.com"]
[Date "2024.04.02"]
[Round "4"]
[White "dropstoneDP"]
[Black "viktorskliarov"]
[Result "1-0"]
[WhiteElo "3005"]
[BlackElo "2618"]
[TimeControl "180+1"]
[EndTime "8:37:22 PDT"]
[Termination "dropstoneDP won by resignation"]

1. e4 c5 2. Nf3 Nc6 3. Bb5 e6 4. O-O Nge7 5. Re1 Nd4 6. Nxd4 cxd4 7. c3 a6 8. Bd3 Nc6 9. Na3 Be7 10. Nc2 Qb6 11. e5 d6 12. exd6 Bf6 13. Be4 Bd7 14.
c4 Qc5 15. d3 Qxd6 16. b3 a5 17. Ba3 Nb4 18. Qd2 Be7 19. Bxb7 Rb8 20. Bf3 O-O 21. Bb2 e5 22. Nxb4 axb4 23. a4 bxa3 24. Bxa3 Qf6 25.
Bxe7 Qxe7 26. b4 Qxb4 27. Qxb4 Rxb4 28. Rxe5 Be6 29. Rb5 Rxb5 30. cxb5 g5 31. Ra8 g4 32. b6 gxf3 33. Rxf8+ Kxf8 34. b7 1-0

[Event "Early-Titled-Tuesday-Blitz-April-02-2024"]
[Site "Chess.com"]
[Date "2024.04.02"]
[Round "4"]
[White "tomesao"]
[Black "Gabcur"]
[Result "1-0"]
[WhiteElo "2552"]
[BlackElo "2353"]
[TimeControl "180+1"]
[EndTime "8:37:23 PDT"]
[Termination "tomesao won by checkmate"]

1. Nf3 d5 2. c4 c6 3. e3 Nf6 4.
Nc3 Nbd7 5. b3 e6 6. Bb2 b6 7.
Be2 Bb7 8. Qc2 Rc8 9. Rg1 e5 10. g4 e4 11. Nd4 Ne5 12. g5 Nfd7 13. Nf5 Nc5 14. Nxe4 dxe4 15. Bxe5 Rg8 16. Qc3 Ne6 17. d3 c5 18. O-O-O Rc6 19. dxe4 Qa8 20. Rd2 Rc8 21.
f3 g6 22. Nd6+ Bxd6 23. Rxd6 Ke7 24. Rgd1 Rc7 25. Rxe6+ fxe6 26. Bxc7 Re8 27. Qf6# 1-0

[Event "Early-Titled-Tuesday-Blitz-April-02-2024"]
[Site "Chess.com"]
[Date "2024.04.02"]
[Round "4"]
[White "viviania"]
[Black "Incognito_Knight"]
[Result "1-0"]
[WhiteElo "2900"]
[BlackElo "2727"]
[TimeControl "180+1"]
[EndTime "8:37:24 PDT"]
[Termination "viviania won by resignation"]

1. Nf3 d5 2. g3 Nd7 3. d3 e5 4.
e4 dxe4 5. dxe4 Ngf6 6. Qe2 Be7 7. Bh3 Nc5 8. Bxc8 Qxc8 9. Nc3 O-O 10. O-O h6 11. Nxe5 Qh3 12. f3 Rad8 13. Be3 Qh5 14. Nd3 Ne6 15. Rad1 Nd4 16. Qf2 Nxf3+ 17. Qxf3 Ng4 18.
Rd2 Qh3 19. Nf4 1-0

[Event "Early-Titled-Tuesday-Blitz-April-02-2024"]
[Site "Chess.com"]
[Date "2024.04.02"]
[Round "4"]
[White "Ariadna_Atreides"]
[Black "NovakRatko"]
[Result "0-1"]
[WhiteElo "2188"]
[BlackElo "2442"]
[TimeControl "180+1"]
[EndTime "8:37:24 PDT"]
[Termination "NovakRatko won by resignation"]

1. d4 d5 2. Nf3 c5 3. e3 cxd4 4. exd4 Nc6 5. Bd3 Bg4 6. c3 f6 7. O-O e5 8. dxe5 fxe5 9. Re1 Nge7 10. Be2 Qd7 11. Qa4 e4 12. Nd4 Nxd4 13. Qxd4 Bxe2 14.
Rxe2 Nc6 15. Qa4 Be7 16. c4 Nd4 17. Qxd7+ Kxd7 18. Rd2 Bf6 19. cxd5 b5 20. a3 Nb3 21. Nc3 Nxa1 22. Nxb5 Nb3 23. Rd1 Nxc1 24. Rxc1 Rhc8 25. Re1 Bxb2 26. g3 a6 27. Rb1 Bf6 0-1

[Event "Early-Titled-Tuesday-Blitz-April-02-2024"]
[Site "Chess.com"]
[Date "2024.04.02"]
[Round "4"]
[White "toninhojit"]
[Black "Irina_Mikhaylova"]
[Result "1-0"]
[WhiteElo "2494"]
[BlackElo "2339"]
[TimeControl "180+1"]
[EndTime "8:37:25 PDT"]
[Termination "toninhojit won by resignation"]

1. d4 Nf6 2. c4 g6 3. Nc3 d5 4. cxd5 Nxd5 5. e4 Nxc3 6. bxc3 Bg7 7. Be3 c5 8. Rc1 O-O 9. Qd2 cxd4 10. cxd4 e6 11. Nf3 Nc6 12. Be2 Qa5 13. Qxa5 Nxa5 14. O-O Bd7 15. Rc7 Rfd8 16. Ne5 Be8 17. Rfc1 Rab8 18.
h4 Nc6 19. Nxc6 Bxc6 20. e5 Rd7 21. Rxd7 Bxd7 22. Rc7 Bc6 23. Bf3 Bxf3 24. gxf3 a6 25. h5 gxh5 26. f4 Bf8 27. f5 exf5 28. d5 f4 29. Bxf4 Bc5 30. Rxc5 1-0

[Event "Early-Titled-Tuesday-Blitz-April-02-2024"]
[Site "Chess.com"]
[Date "2024.04.02"]
[Round "4"]
[White "NelsonLinda"]
[Black "ural58"]
[Result "1-0"]
[WhiteElo "2643"]
[BlackElo "2469"]
[TimeControl "180+1"]
[EndTime "8:37:28 PDT"]
[Termination "NelsonLinda won by resignation"]

1. Nf3 d5 2. g3 Nc6 3. Bg2 e5 4. d3 f6 5. O-O Be6 6. Nc3 Nge7 7. e4 Qd7 8. d4 O-O-O 9. dxe5 fxe5 10. Ng5 d4 11.
Nd5 Nxd5 12. exd5 Bg4 13. f3 Bf5 14. dxc6 Qxc6 15. Ne4 Be7 16. Kh1 h5 17. h4 Rhf8 18. Bg5 Bxe4 19. Bxe7 Bxc2 20. Qd2 d3 21. Bxd8 Rxd8 22. f4 e4 23. Rae1 Rd4 24. Re3 a5 25. Rfe1 Kb8 26. Rxe4 Rxe4 27. Bxe4 Qb6 28. Bxd3 Bxd3 29.
Qxd3 Qxb2 30. Re2 Qc1+ 31. Kg2 Qc6+ 32. Qe4 Qd6 33. Qe8+ Ka7 34. Qxh5 b6 35. Qe5 Qd3 36.
Qxc7+ Ka6 37. Qc8+ Kb5 38. Rb2+ Ka4 39. Qc2+ 1-0

[Event "Early-Titled-Tuesday-Blitz-April-02-2024"]
[Site "Chess.com"]
[Date "2024.04.02"]
[Round "4"]
[White "zajka-molotok"]
[Black "Sasha_Solovev_777"]
[Result "1-0"]
[WhiteElo "2542"]
[BlackElo "2223"]
[TimeControl "180+1"]
[EndTime "8:37:30 PDT"]
[Termination "zajka-molotok won on time"]

1. b3 Nf6 2. Bb2 d6 3. e3 e5 4. Nf3 Be7 5. d4 e4 6. Nfd2 d5 7. c4 c6 8. Nc3 O-O 9. Be2 a6 10. c5 Be6 11. b4 Qd7 12. a4 Ng4 13.
Bxg4 Bxg4 14. Qb3 Be6 15. b5 axb5 16. axb5 Rxa1+ 17. Bxa1 f5 18. Ne2 cxb5 19. Nc3 Nc6 20. Qxb5 f4 21. Ne2 f3 22. gxf3 exf3 23. Nf4 Bf7 24.
Rg1 Kh8 25. Nxf3 Be8 26. Qd3 g5 27. Nxg5 Bxg5 28. Rxg5 Nb4 29. Qe2 Qa4 30. Bc3 Nc2+ 31. Kf1 Bb5 32. Nd3 Qa6 33. Kg1 Bxd3 34. Qh5 Qf6 35.
Qh4 1-0

[Event "Early-Titled-Tuesday-Blitz-April-02-2024"]
[Site "Chess.com"]
[Date "2024.04.02"]
[Round "4"]
[White "PolandHussars"]
[Black "MagnusCarlsen"]
[Result "0-1"]
[WhiteElo "2583"]
[BlackElo "3230"]
[TimeControl "180+1"]
[EndTime "8:37:32 PDT"]
[Termination "MagnusCarlsen won by resignation"]

1. e4 c5 2. Ne2 Nf6 3. Nbc3 d5 4. exd5 Nxd5 5. Nxd5 Qxd5 6. Nc3 Qd7 7. Bb5 Nc6 8. Qf3 Qe6+ 9. Qe4 Qxe4+ 10. Nxe4 e5 11. Bxc6+ bxc6 12. O-O c4 13. b3 Be6 14. Bb2 f6 15. f4 exf4 16. Rae1 Kd7 17. Rxf4 cxb3 18. axb3 Bd5 19. Nc3 Bc5+ 20. d4 Bb4 21. Re2 Bxc3 22. Bxc3 a5 23. Rg4 g5 24. Rg3 Rhe8 25. Rge3 Rxe3 26.
Rxe3 a4 27. bxa4 Rxa4 28. Kf2 h5 29. Re1 Rc4 30. Re3 f5 31. g3 f4 32. gxf4 gxf4 33.
Rh3 f3 34. Bd2 Rxc2 35. Ke3 f2 0-1

[Event "Early-Titled-Tuesday-Blitz-April-02-2024"]
[Site "Chess.com"]
[Date "2024.04.02"]
[Round "4"]
[White "Zurability"]
[Black "Actuary44"]
[Result "1-0"]
[WhiteElo "2694"]
[BlackElo "2510"]
[TimeControl "180+1"]
[EndTime "8:37:36 PDT"]
[Termination "Zurability won on time"]

1. e4 b6 2. d4 Bb7 3. Nc3 e6 4. a3 Nf6 5. e5 Ne4 6. Nxe4 Bxe4 7. Nf3 c5 8. Bd3 Bxd3 9. Qxd3 cxd4 10. O-O Nc6 11. Bf4 Be7 12. Rad1 O-O 13. Nxd4 Qc8 14.
Nf3 Rd8 15. Rfe1 Na5 16. Re4 Qc6 17. Rd4 Rac8 18. Rxd7 Rxd7 19. Qxd7 Qxc2 20. h3 Qc7 21. b4 Nc4 22. Bg5 Bxg5 23. Nxg5 Qxd7 24. Rxd7 Nxe5 25. Rxa7 h6 26. Ne4 Rc1+ 27. Kh2 Ra1 28. Nd6 f6 29. Nc8 Nc4 30. a4 Rb1 31. a5 Rxb4 32. a6 Ra4 33. Rc7 b5 34. a7 e5 35. Rb7 Kh7 36. Rxb5 Nb2 37. Rxb2 1-0